Map: Kairos Junction LE

Players

IIIIIIIIIIII

  • Race: Protoss Protoss
  • League: Grandmaster
  • Spawn Location: 5:00

Lambo - Winner!

  • Race: Zerg Zerg
  • League: Grandmaster
  • Spawn Location: 11:00

VOD

Have the link to the VOD?

Description

Time

  • Played on: Feb. 11, 2019, 9:25 a.m.
  • Length: 6:44
Show
View Real Time Build Order
Export as new Build Order

IIIIIIIIIIII Protoss 

Build Orders:  

Get SALT Encoding   

  12  0:00  Probe  
  13  0:12  Probe  
  14  0:17  Pylon  
  14  0:25  Probe  
  15  0:33  Probe  
  15  0:41  Forge, Probe  
  17  0:51  Pylon  
  18  1:02  Pylon  
  18  1:03  Pylon  
  17  1:14  Photon Cannon  
  17  1:23  Gateway  
  17  1:24  Probe  
  18  1:32  Probe  
  18  1:38  Assimilator  
  19  1:40  Probe  
  19  1:46  Assimilator  
  20  1:52  Probe  
  21  2:01  Zealot  
  21  2:05  Probe  
  22  2:12  Cybernetics Core  
  24  2:22  Photon Cannon  
  24  2:49  Stalker  
  24  2:53  Robotics Facility  
  24  2:55  Shield Battery  
  24  2:58  Shield Battery  
  24  3:08  Photon Cannon  
  24  3:10  Photon Cannon  
  24  3:19  Stalker  
  26  3:36  Photon Cannon  
  26  3:37  Shield Battery  
  26  3:40  Immortal  
  30  3:48  Pylon  
  30  4:08  Photon Cannon  
  30  4:10  Shield Battery  
  30  4:18  Photon Cannon, Shield Battery  
  30  4:33  Pylon  
  30  4:39  Probe  
  30  4:45  Pylon x2  
  27  4:57  Immortal  
  31  5:07  Probe  
  32  5:19  Probe  
  33  5:30  Pylon  
  33  5:31  Probe  
  32  5:44  Immortal  
  25  6:06  Probe  
  26  6:18  Probe  
Show
View Real Time Build Order
Export as new Build Order

Lambo Zerg - Winner!

Build Orders: Hatch First, Ravager All-In 

Get SALT Encoding   

  12  0:01  Drone  
  13  0:14  Overlord  
  13  0:18  Drone  
  14  0:33  Drone x2  
  16  0:48  Hatchery  
  15  0:52  Drone  
  15  0:56  Drone  
  17  1:14  Spawning Pool  
  16  1:22  Drone x2  
  19  1:32  Hatchery  
  19  1:33  Extractor  
  19  1:36  Extractor  
  19  1:39  Drone  
  17  1:42  Drone  
  17  1:46  Drone  
  19  1:55  Drone  
  20  2:01  Roach Warren  
  19  2:11  Queen  
  21  2:20  Zergling x2  
  22  2:25  Overlord  
  22  2:31  Metabolic Boost  
  20  2:52  Roach  
  20  2:56  Roach  
  20  2:57  Drone  
  20  2:58  Drone  
  26  3:02  Roach  
  28  3:08  Roach  
  30  3:13  Ravager  
  30  3:18  Overlord  
  31  3:22  Ravager  
  32  3:29  Zergling x4  
  34  3:35  Roach  
  36  3:42  Roach  
  36  3:45  Roach  
  40  3:50  Ravager  
  40  3:53  Overlord  
  41  3:59  Roach  
  43  4:06  Ravager  
  44  4:19  Zergling x4  
  43  4:28  Zergling x2  
  41  4:33  Zergling x2  
  41  4:34  Ravager  
  41  4:43  Roach  
  40  4:47  Roach x4  
  48  4:53  Ravager  
  49  5:01  Zergling x2  
  49  5:06  Roach  
  48  5:07  Ravager  
  48  5:08  Zergling x4  
  50  5:15  Zergling x2  
  50  5:18  Overlord  
  51  5:27  Overlord  
  50  5:40  Zergling x2  
  51  5:47  Zergling x2  
  51  5:48  Zergling x4  
  52  5:51  Zergling x6  
  52  5:55  Ravager x3  
  50  6:12  Roach, Zergling x6  
  50  6:13  Ravager  
  50  6:17  Zergling x2  
  57  6:20  Zergling x2  
Tags
 
Add a new tag
Caveats
  • Supply blocks, unpowered buildings, or Contaminate may cause inaccurate times.
  • Supply counts are checked every 10 seconds.